 Dungeon Crawl Stone Soup version 0.21.1-72-gffa868e (webtiles) character file.

642 Madoushi the Skirmisher (level 7, -7/63 HPs)
             Began as a Minotaur Berserker on Aug 5, 2018.
             Was a Priest of Trog.
             Killed from afar by Ijyb (14 damage)
             ... with a wand of acid (4)
             ... on level 4 of the Dungeon.
             The game lasted 00:09:42 (4010 turns).

Madoushi the Skirmisher (Minotaur Berserker)        Turns: 4010, Time: 00:09:42

Health: -7/63      AC:  6    Str: 27    XL:     7   Next: 26%
Magic:  6/6        EV: 13    Int:  4    God:    Trog [***...]
Gold:   157        SH:  0    Dex: 10    Spells: 6/6 levels left

rFire    . . .     SeeInvis .   a - +0 hand axe
rCold    . . .     Gourm    .   (no shield)
rNeg     . . .     Faith    .   d - +0 ring mail
rPois    .         Spirit   .   (helmet restricted)
rElec    .         Reflect  .   (no cloak)
rCorr    .         Harm     +   (no gloves)
MR       .....                  (no boots)
Stlth    ..........             r - amulet of harm
HPRegen  0.20/turn              h - ring of flight
MPRegen  0.10/turn              t - +4 ring of strength

@: berserk cooldown, slowed, very slow
A: retaliatory headbutt, horns 2
a: Berserk, Trog's Hand, Burn Spellbooks, Renounce Religion, Evoke Flight


You were on level 4 of the Dungeon.
You worshipped Trog.
Trog was most pleased with you.
You were hungry.

You visited 1 branch of the dungeon, and saw 4 of its levels.

You collected 157 gold pieces.

Inventory:

Hand Weapons
 a - a +0 hand axe (weapon)
Missiles
 n - 2 poisoned tomahawks (quivered)
Armour
 b - a +0 animal skin
 d - a +0 ring mail (worn)
 l - a +0 ring mail
Jewellery
 h - a ring of flight (left hand)
 r - an amulet of harm (around neck)
 t - a +4 ring of strength (right hand)
Wands
 o - a wand of digging (15)
 x - a wand of disintegration (11)
Scrolls
 g - 4 scrolls of remove curse
 i - 2 scrolls of magic mapping
 j - 2 scrolls of teleportation
 m - a scroll of identify
 v - a scroll of blinking {unknown}
Potions
 e - a potion of agility {unknown}
 f - a potion of haste {unknown}
 k - 2 potions of lignification
 p - 3 potions of curing {unknown}
 q - 2 potions of mutation {unknown}
 s - a potion of magic {unknown}
 u - a potion of resistance {unknown}
 w - a potion of flight {unknown}
 z - a potion of ambrosia {unknown}
Comestibles
 c - 4 rations
 A - 3 chunks of flesh


   Skills:
 + Level 6.0 Fighting
 + Level 6.0 Axes
 + Level 5.2 Armour
 + Level 4.7 Dodging


You had 6 spell levels left.
You didn't know any spells.

Dungeon Overview and Level Annotations

Branches:
Dungeon (4/15)
 Temple: D:4-7

Altars:
Gozag
Nemelex Xobeh

Annotations:
D:4 Ijyb


Innate Abilities, Weirdness & Mutations

You reflexively headbutt those who attack you in melee.
You have a pair of horns on your head.


Message History

You slash Ijyb!
Ijyb is heavily wounded.
You are no longer berserk.
You are exhausted.
You feel yourself slow down.
You closely miss Ijyb. Your headbutt misses Ijyb.
Ijyb is heavily wounded.
Ijyb closely misses you. Ijyb hits you.
* * * LOW HITPOINT WARNING * * *
You hit Ijyb.
Ijyb is almost dead.
Ijyb hits you.
* * * LOW HITPOINT WARNING * * *
Your ring mail prevents you from hitting Ijyb.
Ijyb is almost dead.
Ijyb closely misses you. Ijyb misses you.
You hit Ijyb but do no damage.
Ijyb is almost dead.
Ijyb zaps a wand.
The bolt of acid hits you!
You die...

........#####...........
........#####.?...../...
.....#..##..............
.....#..##..............
.....#..................
.....#......(.(((.......
.......................#
.....#..........g......#
.............###@####+##
....####.....# #.# .....
.......# #)#
###........... #..+
.......##......#..#
........# .......#
........# ..##...###+###
........#
...##..........
........##..............


You could see Ijyb.

Vanquished Creatures
  A sky beast (D:2)
  An orc warrior (D:3)
  A hound (D:4)
  3 orc wizards
  A worker ant (D:4)
  16 gnolls
  5 adders
  An adder skeleton (D:4)
  A worm (D:3)
  2 dart slugs (D:1)
  3 leopard geckos
  4 orcs (D:4)
  6 bats
  7 giant cockroaches
  10 hobgoblins
  12 jackals
  2 quokkas
  8 frilled lizards
  12 goblins
  6 kobolds
  10 rats
112 creatures vanquished.

Vanquished Creatures (others)
  An orc wizard (D:4)
  An orc (D:4)
2 creatures vanquished.

Grand Total: 114 creatures vanquished

Notes
Turn   | Place    | Note
-------+----------+-------------------------------------------
     0 | D:1      | Madoushi the Minotaur Berserker began the quest for the Orb.
     0 | D:1      | Reached XP level 1. HP: 19/19 MP: 0/0
   280 | D:1      | Reached XP level 2. HP: 27/27 MP: 1/1
   486 | D:1      | Reached ** piety under Trog
   601 | D:1      | Reached XP level 3. HP: 33/33 MP: 2/2
  1077 | D:2      | Reached XP level 4. HP: 32/40 MP: 3/3
  1671 | D:2      | Reached XP level 5. HP: 47/47 MP: 4/4
  2239 | D:2      | Reached *** piety under Trog
  2331 | D:2      | Noticed a sky beast
  2341 | D:2      | Killed a sky beast
  2341 | D:2      | Reached skill level 5 in Fighting
  2341 | D:2      | Reached skill level 5 in Axes
  2341 | D:2      | Reached XP level 6. HP: 55/56 MP: 5/5
  2664 | D:3      | Found an opulent altar of Gozag.
  2664 | D:3      | Found a sparkling altar of Nemelex Xobeh.
  2665 | D:3      | Noticed an orc warrior
  2672 | D:3      | Killed an orc warrior
  3423 | D:4      | Reached XP level 7. HP: 47/62 MP: 6/6
  3511 | D:4      | Reached skill level 5 in Armour
  3982 | D:4      | Noticed Ijyb
  4010 | D:4      | Killed from afar by Ijyb

Skill      XL: |  1  2  3  4  5  6  7 |
---------------+----------------------+-----
Axes           | 4 5 6 |  6.0
Fighting       | 4 5 6 |  6.0
Armour         | 3 4 5 |  5.2
Dodging        | 3 4 |  4.7

Action                   |  1- 3 |  4- 6 |  7- 9 || total
-------------------------+-------+-------+-------++-------
Melee: Hand axe          |    61 |   128 |    40 ||   229
       Headbutt          |    10 |    29 |     9 ||    48
Invok: Berserk           |     1 |     3 |     2 ||     6
Evoke: Wand              |       |     1 |       ||     1
  Use: Scroll            |     4 |     1 |       ||     5
  Eat: Chunk             |       |     8 |     3 ||    11
       Ration            |       |     1 |       ||     1
Armor: Animal skin       |     6 |       |       ||     6
       Ring mail         |     1 |    41 |    10 ||    52
Dodge: Dodged            |    29 |    72 |    28 ||   129
